 Dungeon Crawl Stone Soup version 0.23.2-40-g277498a001 (webtiles) character file.

Game seed: 8247807688010324707

445 Jabberih the Grave Robber (level 7, 0/50 HPs)
             Began as a Hill Orc Necromancer on Aug 12, 2019.
             Slain by an orc priest (2 damage)
             ... on level 4 of the Dungeon.
             The game lasted 00:08:29 (3835 turns).

Jabberih the Grave Robber (Hill Orc Necromancer)    Turns: 3835, Time: 00:08:30

Health: 0/50       AC:  6    Str: 11    XL:     7   Next: 3%
Magic:  1/9        EV: 10    Int: 17    God:
Gold:   110        SH:  0    Dex: 11    Spells: 1/9 levels left

rFire    . . .     SeeInvis +   a - +0 war axe
rCold    . . .     Gourm    .   (no shield)
rNeg     . . .     Faith    .   o - +0 ring mail
rPois    .         Spirit   .   (no helmet)
rElec    .         Reflect  .   (no cloak)
rCorr    .         Harm     .   (no gloves)
MR       .....                  q - +0 pair of boots
Stlth    +.........             r - amulet of the acrobat
HPRegen  0.16/turn              p - ring of see invisible
MPRegen  0.11/turn              (no ring)

@: flying
A: no striking features
a: no special abilities


You were on level 4 of the Dungeon.
You were very hungry.

You visited 1 branch of the dungeon, and saw 5 of its levels.

You collected 110 gold pieces.

Inventory:

Hand Weapons
 a - a +0 war axe (weapon)
 b - a +0 blowgun
 l - a +1 dagger of draining
 v - a +0 hand axe
Missiles
 g - 77 stones (quivered)
 u - 7 poisoned needles
Armour
 f - a +0 robe
 k - a +0 shield
 o - a +0 ring mail (worn)
 q - a +0 pair of boots (worn)
 y - a +1 helmet of intelligence
Jewellery
 p - a ring of see invisible (left hand)
 r - an amulet of the acrobat (around neck)
Wands
 i - a wand of random effects (17)
 x - a wand of clouds (6)
Scrolls
 d - 7 scrolls of identify
 s - a scroll of remove curse
Potions
 j - a potion of heal wounds {unknown}
 n - 2 potions of lignification {unknown}
 w - a potion of flight
Comestibles
 c - 4 rations


   Skills:
 + Level 3.1 Armour
 - Level 1.5 Dodging
 - Level 1.5 Stealth
 - Level 1.5 Spellcasting
 + Level 0.1 Charms
 + Level 7.5 Necromancy


You had one spell level left.
You knew the following spells:

 Your Spells              Type           Power        Failure   Level  Hunger
a - Pain                  Necr           ####         1%          1    ##.....
b - Animate Skeleton      Necr           N/A          1%          1    ##.....
c - Vampiric Draining     Necr           ####......   6%          3    ####...
d - Regeneration          Chrm/Necr      ##........   28%         3    ####...

Your spell library contained the following spells:

 Spells                   Type           Power        Failure   Level  Hunger
 Animate Dead             Necr           N/A          21%         4    #####..


Dungeon Overview and Level Annotations

Branches:
Dungeon (5/15)             Temple (0/1) D:4

Altars:
Trog
The Shining One


Message History

The orc priest hits you.
* * * LOW HITPOINT WARNING * * *
You climb upwards.
There is a stone staircase leading down here.
Okay, then.
Okay, then.
Evoke which item? (* to show all) (? for menu, Esc to quit)
Aiming: Cloud Cone
Press: ? - help, Dir - move target cursor, f - orc priest
Aim: an orc priest (heavily wounded)
You create a blast of noxious fumes!
The orc priest is engulfed in noxious fumes.
The orc priest hits you.
* * * LOW HITPOINT WARNING * * *
It was a potion of flight.
You feel very buoyant.
You fly up into the air.
The orc priest is engulfed in noxious fumes.
The orc priest appears confused.
The orc priest hits you.
You die...

PP≈≈≈#.######.#..#####.....#.#..#
.##..#.######..........#####...##
## #.......................###
#########...##.##########
#§§§##.# #####.§§##.#
#.....§§§..# #.###.#o####
###...#.#@# #...#...### #.###.###
#.....# #######


You could see an orc priest (confused).

Vanquished Creatures
  An ogre (D:3)
  A scorpion (D:2)
  2 orc wizards (D:4)
  An orc priest (D:4)
  Terence (D:3)
  4 worker ants
  A worker ant zombie (D:4)
  4 adders
  2 oozes
  A worm (D:2)
  3 leopard geckos
  8 orcs
  2 bats (D:2)
  3 goblins
  5 hobgoblins
  A jackal (D:4)
  A quokka (D:2)
  A frilled lizard (D:2)
  4 kobolds
  A quokka skeleton (D:4)
  3 rats (D:2)
50 creatures vanquished.

Vanquished Creatures (collateral kills)
  An orc (D:3)
1 creature vanquished.

Grand Total: 51 creatures vanquished

Notes
Turn   | Place    | Note
-------+----------+-------------------------------------------
     0 | D:1      | Jabberih the Hill Orc Necromancer began the quest for the
                  | Orb.
     0 | D:1      | Reached XP level 1. HP: 14/14 MP: 3/3
    79 | D:1      | You fall through a shaft!
   299 | D:2      | Found a glowing golden altar of the Shining One.
   493 | D:2      | Learned a level 1 spell: Animate Skeleton
   626 | D:2      | Reached XP level 2. HP: 20/20 MP: 4/4
   765 | D:2      | Noticed a scorpion
   775 | D:2      | Killed a scorpion
   775 | D:2      | Reached skill level 5 in Necromancy
   775 | D:2      | Reached XP level 3. HP: 11/26 MP: 0/5
   775 | D:2      | Reached XP level 4. HP: 15/33 MP: 0/6
   780 | D:2      | Learned a level 3 spell: Vampiric Draining
  1708 | D:3      | Noticed Terence
  1722 | D:3      | Killed Terence
  1722 | D:3      | Reached skill level 6 in Necromancy
  2277 | D:3      | Noticed an ogre
  2351 | D:3      | Killed an ogre
  2351 | D:3      | Reached XP level 5. HP: 20/38 MP: 1/7
  2573 | D:3      | Reached XP level 6. HP: 18/45 MP: 2/8
  2605 | D:3      | Reached skill level 1 in Armour
  2605 | D:3      | Reached skill level 7 in Necromancy
  3071 | D:4      | Found a bloodstained altar of Trog.
  3470 | D:4      | Learned a level 3 spell: Regeneration
  3611 | D:4      | Found a staircase to the Ecumenical Temple.
  3748 | D:5      | Entered Level 5 of the Dungeon
  3762 | D:5      | Reached XP level 7. HP: 39/50 MP: 2/9
  3834 | D:4      | HP: 1/50 [orc priest (3)]
  3835 | D:4      | Slain by an orc priest

Skill      XL: |  1  2  3  4  5  6 |
---------------+-------------------+-----
Necromancy     | 5 6 7 |  7.5
Armour         | 3 |  3.1
Dodging        | |  1.5
Stealth        | |  1.5
Spellcasting   | |  1.5
Charms         | |  0.1

Action                   |  1- 3 |  4- 6 |  7- 9 || total
-------------------------+-------+-------+-------++-------
Melee: War axe           |       |   105 |     3 ||   108
 Fire: Hunting sling     |    21 |    15 |       ||    36
       Blowgun           |       |    31 |       ||    31
 Cast: Pain              |     9 |    11 |     3 ||    23
       Animate Skeleton  |     2 |    13 |       ||    15
       Vampiric Draining |       |    18 |     3 ||    21
Evoke: Wand              |       |       |     1 ||     1
  Use: Scroll            |     1 |     4 |       ||     5
       Potion            |       |     2 |     1 ||     3
 Stab: Sleeping          |       |     2 |       ||     2
  Eat: Chunk             |       |     8 |       ||     8
       Ration            |       |     1 |       ||     1
Armor: Robe              |     1 |     7 |       ||     8
       Ring mail         |       |    54 |     1 ||    55
Dodge: Dodged            |    11 |   130 |     4 ||   145
